 Dungeon Crawl Stone Soup version 0.21-a0-94-gdd6ab6a (webtiles) character file.

73 Musica the Skirmisher (level 4, -1/45 HPs)
             Began as a Troll Fighter on July 3, 2017.
             Slain by a gnoll
             ... wielding a +0 spear of freezing
              (5 damage)
             ... on level 2 of the Dungeon.
             The game lasted 00:05:33 (1211 turns).

Musica the Skirmisher (Troll Fighter)               Turns: 1211, Time: 00:05:34

Health: -1/45      AC:  5    Str: 29    XL:     4   Next: 8%
Magic:  3/3        EV:  8    Int:  4    God:
Gold:   33         SH:  9    Dex: 10    Spells: 3/3 levels left

rFire    . . .     SeeInvis .   a - +0 flail
rCold    . . .     Gourm    +   c - +0 shield
rNeg     . . .     Faith    .   b - +0 robe
rPois    .         Spirit   .   (helmet restricted)
rElec    .         Reflect  .   (no cloak)
rCorr    .         Harm     .   (gloves unavailable)
MR       .....                  (boots unavailable)
Stlth    +.........             (no amulet)
HPRegen  0.55/turn              (no ring)
MPRegen  0.08/turn              (no ring)

@: mighty, flying
A: unfitting armour, claws 3, fast metabolism 3, gourmand, regeneration 1,
shaggy fur 1, tough skin 2
a: no special abilities


You were on level 2 of the Dungeon.
You were completely stuffed.

You visited 1 branch of the dungeon, and saw 3 of its levels.

You collected 33 gold pieces.

Inventory:

Hand Weapons
 a - a +0 flail (weapon)
 j - a +3 hand axe of chopping
Missiles
 n - 30 arrows
 r - 14 bolts
Armour
 b - a +0 robe (worn)
 c - a +0 shield (worn)
Jewellery
 e - an uncursed ring of resist corrosion {unknown}
Scrolls
 h - a scroll of recharging {unknown}
 l - a scroll of random uselessness {unknown}
 m - a scroll of identify {unknown}
Potions
 d - 2 potions of might
 k - 2 potions of curing {unknown}
 o - a potion of ambrosia {unknown}
 q - a potion of lignification {unknown}
Comestibles
 f - 3 bread rations
 i - 2 meat rations


   Skills:
 + Level 3.3 Fighting
 + Level 3.1 Maces & Flails
 - Level 2.4 Dodging
 - Level 2.4 Shields


You had 3 spell levels left.
You didn't know any spells.

Dungeon Overview and Level Annotations

Branches:
Dungeon (3/15)

Altars:
Elyvilon
Nemelex Xobeh
Uskayaw
Xom


Innate Abilities, Weirdness & Mutations

You are too large for most types of armour.
You have claws for hands.
Your metabolism is lightning-fast.
You like to eat raw meat.
Your natural rate of healing is unusually fast.
You are covered in fur. (AC +1)
You have very tough skin. (AC +2)


Message History

You feel very mighty all of a sudden. The gnoll hits you with a flail.
The gnoll hits you from afar with a spear of freezing.
* * * LOW HITPOINT WARNING * * *
The gnoll freezes you.
* * * LOW HITPOINT WARNING * * *
You hit the gnoll but do no damage.
The gnoll is lightly wounded.
The gnoll hits you with a flail.
* * * LOW HITPOINT WARNING * * *
The gnoll barely misses you.
You thump the gnoll!
You kill the gnoll!
You have reached level 4!
You block the gnoll's attack.
It was a potion of flight.
You feel very buoyant.
You fly up into the air.
The gnoll hits you from afar with a spear of freezing.
You die...

.. .# .#..
## ##.##...
.. .......#
#. ...#...#
#. .##
..#.#..###.#
...
.#._.#..#.#
#.#
..#.#....#
#.#
...#.....#
#@#
.........#
#)#
..##.....#
#g#
###......#
#g#
###.##.#.#
####.#
.......# #
#g...#
...(####.#
#.####
##†......#
#.#
...#######
#.#


You could see 2 gnolls.

Vanquished Creatures
  2 adders (D:2)
  A gnoll (D:2)
  An ooze (D:1)
  A dart slug (D:1)
  2 leopard geckos
  A giant cockroach (D:1)
  3 goblins (D:2)
  6 hobgoblins
  8 bats (D:1)
  5 kobolds (D:1)
  7 rats
37 creatures vanquished.

Notes
Turn   | Place    | Note
-------+----------+-------------------------------------------
     0 | D:1      | Musica the Troll Fighter began the quest for the Orb.
     0 | D:1      | Reached XP level 1. HP: 22/22 MP: 0/0
   249 | D:1      | Reached XP level 2. HP: 25/29 MP: 1/1
   591 | D:1      | Reached XP level 3. HP: 33/37 MP: 2/2
   964 | D:2      | Found a shimmering altar of Xom.
   964 | D:2      | Found a hide-covered altar of Uskayaw.
  1122 | D:2      | Found a faded altar of an unknown god.
  1125 | D:2      | Found a sparkling altar of Nemelex Xobeh.
  1149 | D:2      | Found a white marble altar of Elyvilon.
  1210 | D:2      | Reached XP level 4. HP: 3/45 MP: 3/3
  1211 | D:2      | Slain by a gnoll

Vault maps used:
D:1:      elethiomel_arrival_quiet
D:2:      nemelex_xobeh_ov_fountains_minmay, nicolae_overflow_crystal_walls,
          gammafunk_temple_overflow_pools,
          chequers_ecumenical_altar_simple_redux, corner_web_ring
D:3:      marbit_many_paths, okawaru_trees_1, first_bread,
          kennysheep_generic_room_13

Skill      XL: |  1  2  3 |
---------------+----------+-----
Maces & Flails | 2 3 |  3.1
Fighting       | 3 |  3.3
Dodging        | |  2.4
Shields        | |  2.4

Action                   |  1- 3 |  4- 6 || total
-------------------------+-------+-------++-------
Melee: Flail             |   111 |       ||   111
  Use: Potion            |     1 |     1 ||     2
 Stab: Sleeping          |     2 |       ||     2
  Eat: Chunk             |    17 |       ||    17
Armor: Robe              |    65 |       ||    65
Dodge: Dodged            |    62 |       ||    62
Block: Shield            |    81 |     1 ||    82
